 Dungeon Crawl Stone Soup version 0.19-a0-1122-g39308c2 (webtiles) character file.

9464 Jmtri7 the Warrior (level 11, 42/113 HPs)
             Began as a Demigod Fighter on Aug 9, 2016.
             Quit the game on level 10 of the Dungeon on Aug 11, 2016.
             The game lasted 00:38:27 (14127 turns).

Jmtri7 the Warrior (Demigod Fighter)               Turns: 14127, Time: 00:38:27

Health: 42/113     AC: 17    Str: 25    XL:     11   Next: 3%
Magic:  32/32      EV:  6    Int: 12    God:
Gold:   688        SH:  0    Dex: 15    Spells: 0 memorised, 10 levels left

rFire  . . .     SeeInvis .     a - +3 great mace
rCold  . . .     Gourm    .     u - +4 plate armour
rNeg   . . .     Faith    .     (shield currently unavailable)
rPois  .         Spirit   .     (no helmet)
rElec  .         Dismiss  .     A - +0 cloak
rCorr  .         Reflect  .     l - +0 pair of gloves
SustAt +         Harm     .     (no boots)
MR     +....                    (no amulet)
Stlth  ..........               k - ring of magical power
                                x - ring of magical power

@:
A: high mp 1, sustain attributes
a: no special abilities


You were on level 10 of the Dungeon.
You were not hungry.

You visited 1 branch of the dungeon, and saw 10 of its levels.
You also visited: Ossuary.

You collected 688 gold pieces.

Inventory:

Hand Weapons
 a - a +3 great mace (weapon)
 p - a +3 halberd of freezing
 F - a +2 dire flail of holy wrath
Armour
 l - a +0 pair of gloves (worn)
 u - a +4 plate armour (worn)
 A - a +0 cloak (worn)
Jewellery
 k - a ring of magical power (right hand)
 x - a ring of magical power (left hand)
Scrolls
 b - 5 scrolls of blinking
 m - 3 scrolls of remove curse
 n - 2 scrolls of amnesia
 r - 4 scrolls of recharging
 G - a scroll of fog
Potions
 c - 4 potions of invisibility
 i - 2 potions of brilliance
 q - a potion of haste
 s - 5 potions of curing
 v - a potion of magic
 z - 9 potions of degeneration {unknown}
 B - a potion of resistance
 D - a potion of flight {unknown}
Books
 e - a book of Conjurations

   Spells                             Type                      Level
   a - Magic Dart                     Conjuration                  1
   b - Searing Ray                    Conjuration                  2
   c - Dazzling Spray                 Conjuration/Hexes            3
   d - Fulminant Prism                Conjuration/Hexes            4
   e - Iskenderun's Mystic Blast      Conjuration                  4
   f - Iskenderun's Battlesphere      Conjuration/Charms           5
Comestibles
 f - 13 bread rations
 g - 5 meat rations
 h - 3 fruits
 j - 6 chunks of flesh
 w - a beef jerky


   Skills:
 + Level 15.5 Fighting
   Level 1.7 Axes
 - Level 2.6 Armour
   Level 2.6 Shields


You had 10 spell levels left.
You didn't know any spells.

Dungeon Overview and Level Annotations

Branches:
Dungeon (10/15)            Temple (0/1) D:6            Lair (0/6) D:10
    Orc (0/2) D:9

Shops:
D:5 }   D:9 *


Innate Abilities, Weirdness & Mutations

You have an increased reservoir of magic. (+10% MP)
Your attributes are resistant to harm.


Message History

The electric eel shoots out a bolt of lightning at you!
The bolt of electricity hits you!
You completely miss the electric eel.
The electric eel is heavily wounded.
The electric eel shoots out a bolt of lightning at you!
The bolt of electricity hits you!
You closely miss the electric eel.
The electric eel is heavily wounded.
You closely miss the electric eel.
The electric eel is heavily wounded.
The electric eel shoots out a bolt of lightning at you!
The bolt of electricity hits you!
You thump the electric eel!
You kill the electric eel!
Why would you want to do that? Why would you want to do that?
Why would you want to do that?
You see here a jackal skeleton.
You see here a stone.
Are you sure you want to abandon this character and quit the game? (Confirm with "yes".)

#.........# #.........#
#.>......<# # #.........#
.## #.........# ..###.
##.........#########......
..........................
..........................
...............(@.........
##.........#####(####.....
#.........#####÷(###.....
##.........##......(......
#..........#..≈≈≈≈≈≈≈≈≈...
#...##.......≈≈.g.........
...####......≈......##....
..## ##.....≈.....## ...
.. #.....≈....## ..


You could see a gnoll shaman.

Vanquished Creatures
  Erica (D:8)
  An unseen horror (D:10)
  The ghost of Hellonello the Carver, a novice HaFi of Qazlal (D:7)
  A gargoyle (D:9)
  A two-headed ogre (D:8)
  A spriggan (D:9)
  Sigmund (D:5)
  4 basilisks
  Eustachio (D:4)
  Edmund (D:4)
  Duvessa (D:5)
  4 porcupines (D:10)
  5 orc warriors
  An ice beast (D:7)
  4 sky beasts
  An eye of draining (D:8)
  3 black bears
  A centaur (D:6)
  3 ogres
  A phantom (D:6)
  A crocodile (D:10)
  The ghost of lessens the Cutter, an amateur DEAK of Lugonu (D:4)
  2 giant frogs (D:6)
  3 gnoll sergeants
  A wyvern zombie (D:9)
  Dowan (D:5)
  14 killer bees
  An electric eel (D:10)
  5 howler monkeys
  13 crimson imps
  3 jellies
  2 quasits
  2 lava snakes (D:9)
  2 centaur zombies
  A giant frog zombie (D:6)
  5 hounds
  A human zombie (Ossuary)
  2 giant frog skeletons (D:5)
  A centaur skeleton (D:10)
  10 orc priests
  10 orc wizards
  Crazy Yiuf (D:3)
  Jessica (D:3)
  2 iguanas
  Natasha (thrice) (D:3)
  6 worker ants
  8 sheep
  3 big kobold zombies (Ossuary)
  A hound zombie (D:10)
  5 mummies (Ossuary)
  A howler monkey zombie (D:6)
  3 worker ant zombies
  13 gnolls
  A howler monkey skeleton (D:10)
  2 river rats
  10 adders
  A shadow imp (D:8)
  4 adder skeletons
  3 worms
  A giant gecko (D:8)
  36 orcs
  A bat (D:3)
  2 giant cockroaches
  7 hobgoblins
  18 jackals
  9 kobolds
  7 quokkas
  2 ball pythons
  A giant gecko skeleton (D:7)
  2 giant newts
  A gnoll zombie (Ossuary)
  6 goblins
  A jackal skeleton (D:8)
  A jackal zombie (D:5)
  2 kobold zombies (Ossuary)
  A quokka skeleton (D:7)
  6 rats
  2 plants (D:2)
292 creatures vanquished.

Vanquished Creatures (others)
  A jackal (D:10)
  A fungus (D:10)
  2 plants (D:10)
4 creatures vanquished.

Grand Total: 296 creatures vanquished

Notes
Turn   | Place    | Note
-------+----------+-------------------------------------------
     0 | D:1      | Jmtri7 the Demigod Fighter began the quest for the Orb.
     0 | D:1      | Reached XP level 1. HP: 18/18 MP: 3/3
   230 | D:1      | Reached skill level 3 in Fighting
   404 | D:1      | Reached XP level 2. HP: 26/26 MP: 4/4
   941 | D:2      | Found a faded altar of an unknown god.
   976 | D:2      | Reached skill level 4 in Fighting
   976 | D:2      | Reached XP level 3. HP: 25/33 MP: 5/5
  1005 | D:2      | Found a stormy altar of Qazlal.
  1480 | D:2      | Found a blossoming altar of Fedhas.
  1724 | D:2      | Reached XP level 4. HP: 41/41 MP: 6/6
  1918 | D:3      | Noticed Jessica
  1923 | D:3      | Killed Jessica
  1923 | D:3      | Reached skill level 5 in Fighting
  2228 | D:3      | Reached XP level 5. HP: 46/48 MP: 7/7
  2288 | D:3      | Noticed Natasha
  2299 | D:3      | Killed Natasha
  2527 | D:3      | Found a runed door.
  2565 | D:3      | Reached skill level 6 in Fighting
  2600 | D:3      | Noticed Natasha
  2608 | D:3      | Killed Natasha
  2675 | D:3      | Found a sacrificial altar of Ru.
  2676 | D:3      | Noticed Natasha
  2681 | D:3      | Killed Natasha
  2862 | D:3      | Noticed Crazy Yiuf
  2866 | D:3      | Killed Crazy Yiuf
  2866 | D:3      | Reached XP level 6. HP: 52/58 MP: 8/8
  2932 | D:4      | Noticed lessens's ghost (amateur DEAK)
  2937 | D:4      | Killed lessens's ghost
  3058 | D:4      | Noticed Edmund
  3073 | D:4      | Killed Edmund
  3073 | D:4      | Reached skill level 7 in Fighting
  3242 | D:4      | Noticed Eustachio
  3261 | D:4      | Killed Eustachio
  3261 | D:4      | Reached skill level 8 in Fighting
  3261 | D:4      | Reached XP level 7. HP: 64/68 MP: 9/9
  3753 | D:5      | Entered Level 5 of the Dungeon
  3950 | D:5      | Found a shadowy altar of Dithmenos.
  3994 | D:5      | Noticed Sigmund
  4005 | D:5      | Killed Sigmund
  4005 | D:5      | Reached skill level 9 in Fighting
  4240 | D:5      | Noticed Duvessa
  4240 | D:5      | Noticed Dowan
  4249 | D:5      | Killed Duvessa
  4249 | D:5      | Reached XP level 8. HP: 57/79 MP: 10/10
  4257 | D:5      | Killed Dowan
  4714 | D:5      | Reached skill level 10 in Fighting
  4752 | D:5      | Found Nugerof's Gadget Boutique.
  4781 | D:6      | Found a staircase to the Ecumenical Temple.
  5421 | D:6      | Reached skill level 11 in Fighting
  5830 | D:6      | Reached XP level 9. HP: 54/89 MP: 11/11
  6156 | D:7      | Noticed Hellonello's ghost (novice HaFi)
  6168 | D:7      | Killed Hellonello's ghost
  6168 | D:7      | Reached skill level 12 in Fighting
  6842 | D:8      | Got a heavily runed scale mail
  6853 | D:8      | Identified the cursed +1 scale mail of the Wary Wonders {rC+ Stlth+} (You found it on level 8 of the Dungeon)
  6912 | D:8      | Found a sand-covered staircase.
  6924 | Ossuary  | Entered an ossuary
  7307 | D:8      | Found a stormy altar of Qazlal.
  7457 | D:8      | Reached skill level 13 in Fighting
  7568 | D:8      | Noticed Erica
  7603 | D:8      | Killed Erica
  8346 | D:8      | Reached XP level 10. HP: 101/101 MP: 13/13
  8627 | D:9      | Found a staircase to the Orcish Mines.
  8634 | D:9      | Found a roughly hewn altar of Beogh.
  9685 | D:9      | Reached skill level 14 in Fighting
 10113 | D:9      | Found Pantose's Assorted Antiques.
 10979 | D:10     | Entered Level 10 of the Dungeon
 12201 | D:10     | Reached skill level 15 in Fighting
 13252 | D:10     | Killed an unseen horror
 13391 | D:10     | Found a staircase to the Lair.
 13732 | D:9      | Reached XP level 11. HP: 75/113 MP: 14/14
 14099 | D:10     | Upgraded the game from 0.19-a0-1109-g16db51f to 0.19-a0-1122-g39308c2
 14127 | D:10     | Quit the game

Vault maps used:
D:1:      minmay_arrival_wavy_path, hex_intersection
D:2:      wad_woods_stonehenge, ecumenical_altar_2, fedhas_altar_3
D:3:      nicolae_ru_the_path_less_chosen, uniq_natasha, uniq_jessica,
          uniq_crazy_yiuf_cottage
D:4:      uniq_eustachio, uniq_edmund
D:5:      lemuel_coloured_pillars_altar, first_bread, serial_shops,
          kennysheep_mini_moat, uniq_duvessa, uniq_sigmund
D:8:      lightli_ossuary_entry_decrepit_ruins, basic_altar, uniq_erica
D:9:      minmay_orc_entry_temple_large, serial_shops, shop, the_bakery,
          fountainhead, kennysheep_small_spiral
D:10:     minmay_lair_entry_grove, serial_gnoll_camp, gnoll_camp_mini_hut,
          gnoll_camp_mini_basic, gnoll_camp_mini_house, gnoll_camp_huts_moat,
          minivault_22
Ossuary:  ossuary_crypta

Skill      XL: |  1  2  3  4  5  6  7  8  9 10 |
---------------+-------------------------------+-----
Fighting       | 3 4 5 6 8 9 11 13 15 | 15.5
Axes           | |  1.7
Armour         | |  2.6
Shields        | |  2.6

Action                   |  1- 3 |  4- 6 |  7- 9 | 10-12 || total
-------------------------+-------+-------+-------+-------++-------
Melee: War axe           |   103 |       |       |       ||   103
       Halberd           |    54 |   129 |   228 |       ||   411
       Great mace        |       |       |   110 |   487 ||   597
  Use: Scroll            |       |    14 |     7 |     9 ||    30
       Potion            |       |       |     5 |     5 ||    10
  Eat: Chunk             |     3 |     5 |    17 |    19 ||    44
       Pizza             |       |       |       |     1 ||     1
Armor: Scale mail        |    14 |       |       |       ||    14
       Chain mail        |    77 |     9 |       |       ||    86
       Plate armour      |       |   101 |   374 |   711 ||  1186
       Skin              |       |       |    11 |   178 ||   189
Dodge: Dodged            |    35 |    48 |   159 |   288 ||   530
Block: Shield            |    54 |       |       |       ||    54
